[Event "44th Chess Olympiad Open 2022"]
[Site "Chennai"]
[Date "2022.08.07"]
[Round "9.34"]
[White "Sipila, Vilka"]
[Black "Tan, Jun Ying"]
[Result "1-0"]
[WhiteElo "2416"]
[BlackElo "2191"]
[Annotator "TA"]
[PlyCount "55"]
[EventDate "2022.??.??"]
[TimeControl "60"]

1. d4 Nf6 2.
c4 e5 3. dxe5 Ng4 4. Bf4 Bb4+ 5. Nd2 d6 6. exd6 Qf6 (6... Qh4 $2
7. g3 Qf6 8. dxc7 $18) 7. Nh3 {[%emt 0:00:27] has lost popularity (7.e3). A52:
Budapest Gambit.} Nxf2 8. Kxf2 Bxh3 9. g3 {[%emt 0:02:55] White has an edge.} Bf5 10. e4 Bc5+ 11. Kg2 {[%emt 0:01:13] [#]} Bd7 $146 ({Predecessor:} 11... Bg6 12. e5 Qf5 13. Be2 h5 14. Bf3 Qc8 15.
Nb3 cxd6 16. Qd5 Nc6 17. exd6 Bb6 {1-0 (31) Gerard,N (2271)-Egreteau,E (2025)
Sautron 2001}) 12. dxc7 Na6 13. Nb3 (13. Nf3 $5 ) 13... Bc6 $1 (13... Qe6 $2
14. Nxc5 Nxc5 15. Qd5 $18) 14. Be2 g5 (14...
O-O $11 {remains equal.}) 15. Nxc5 $16 Nxc5 16. Be3 Bxe4+ 17. Bf3 Qxb2+ 18. Kh3 {[%emt 0:09:47] [#] Threatens to win with Bxe4.} g4+ (18... Rg8 $1 $14 19. Bd4 (19. Bxc5 g4+ 20. Bxg4 Bg2+ 21. Kh4
Qf6+ 22. Kh5 Qg5#) 19... Bxf3 20. Bxb2 Bxd1 21. Raxd1 Ne6) 19. Bxg4 (19. Kxg4 $16 Qf6 20. Bxe4 (20. Bxc5 $2 Bxf3+ 21. Qxf3 Rg8+ 22. Kh3
Qxf3 $19) 20... h5+ 21. Kh3 Qe6+ {[#]} 22. Bf5 $1 Qxf5+ 23. Kg2 Qe4+ 24. Qf3
Qxf3+ 25. Kxf3) 19... Bg2+ $2 (19... h5 $1 $11 {and Black is
okay.} 20. Be2 (20. Bxc5 $2 {gets mated.} Bg2+ 21. Kh4 Qf6#) 20... Bf5+ 21. Kg2
Be4+ 22. Kh3 Bf5+ 23. Kg2 Be4+ 24. Kh3) 20. Kh4 $18 {[%emt 0:00:05] Black must
now prevent Qd6.} Bxh1 (20... O-O $142 21. Bd4 (21. Bxc5 $2
Qf6+ 22. Kh5 Qg6+ 23. Kh4 Qh6+ 24. Bh5 Qf6+ 25. Kg4 h6 $19) 21... Qb6) 21. Bxc5 ({Not} 21. Qxh1 Ne6 $14) 21... Qf6+ 22. Kh3 Qh6+ 23. Bh5 {[%emt 0:00:06] Intending Qg4 and mate. Chess con chili. A
strong pair of Bishops.} Be4 24. Qg4 {[%emt 0:02:33] Against
Bf5. White mates.} Qc6 25. Re1 Qxc5 26. Qe6+ Qe7 27. c8=Q+ Rxc8 28. Qxc8+ {[%emt 0:00:00] Weighted Error Value:
White=0.24 (precise) /Black=0.74} 1-0

[Event "44th Chess Olympiad Open 2022"]
[Site "Chennai"]
[Date "2022.08.07"]
[Round "9.34"]
[White "Wong, Yinn Long"]
[Black "Sklyarov, Dmitry V."]
[Result "1-0"]
[WhiteElo "2381"]
[BlackElo "2474"]
[Annotator "TA"]
[PlyCount "81"]
[EventDate "2022.??.??"]
[TimeControl "60"]

1. e4 g6 2. Nc3 Bg7 3. d4 c6 4. Nf3 d5 5. h3 dxe4 6. Nxe4 Nf6 7. Nxf6+ exf6 8. Bd3 O-O 9. O-O {[%emt 0:00:04] Active counter play!} a5 {[%emt 0:
00:00] B15: Caro-Kann: 3 Nc3:3...g6 and 3...dxe4 4 Nxe4 Nf6 5 Nxf6+ exf6.} 10.
Re1 Na6 11. c4 {
[%emt 0:03:36] [#]} Nb4 $146 {[%emt 0:05:56] The position is equal.} ({
Predecessor:} 11... Nc7 12. Bf1 Ne6 13. d5 cxd5 14. cxd5 Nc5 15. Be3 Ne4 16.
Nd2 {½-½ (16) Oratovsky,M (2423)-Martinez Fernandez,A (2354) Elgoibar 2019})
12. Bf4 Nxd3 13. Qxd3 Bf5 14. Qb3 Qd7 15. Rad1 b5 (15... Rfe8 $11 {is superior.}) 16. cxb5 $1
$14 {[%emt 0:04:36] Black must now prevent d5.} Be6 {[%emt 0:01:04] Inhibits
d5. This move loses the game for Black.} (16... a4 $14 17. Qb4 cxb5) 17. d5 $1
$18 cxd5 18. a4 d4 (18... Rfe8 {was called for.} 19. Nd4 Bf8) 19. Qa3 ({
Weaker is} 19. Rxd4 Qxd4 20. Nxd4 Bxb3 21. Nxb3 f5 $16) 19... Qb7 20. Nxd4 Bd5 21. Re7 Qb6 22. Bc7 Qb7 {[%emt 0:00:06] [#]} 23. Bxa5
$1 Qc8 24. Bb4 Rd8 25. Nc6 Bxc6 26. Rxd8+ Qxd8 27. bxc6 Qd1+ 28.
Kh2 {[%emt 0:01:38] [#] aiming for Qe3.} Qc1 29. Qb3 Rf8 30. Bc3 (30. Rb7 $142) 30... Bh6 31. Qd5 Qf4+ 32. Kg1 Qxa4 33. Bxf6 Qf4 34. Bc3 Bg7 35. Re4 Qc1+ 36. Re1 Qc2 37. Bxg7 Kxg7 38. b4 Ra8 39. b5 {[%emt 0:00:32][%cal Yc6c7] Strongly threatening
c7!} Ra2 40. Qd4+ Kh6 41.
Qe3+ {[%emt 0:30:51] Weighted Error Value: White=0.12 (very precise) /Black=0.
49} 1-0

[Event "44th Chess Olympiad Open 2022"]
[Site "Chennai"]
[Date "2022.08.07"]
[Round "9.34"]
[White "Poh, Yu Tian"]
[Black "Koykka, Pekka"]
[Result "1-0"]
[WhiteElo "2118"]
[BlackElo "2361"]
[Annotator "RC"]
[PlyCount "101"]
[EventDate "2022.??.??"]
[TimeControl "60"]

1. e4 e6 2. d4 d5 3. Nc3 Bb4 4. e5 c5 5. a3 Bxc3+ 6. bxc3 Qa5 7. Bd2 Qa4 8. Qb1 c4 9. h4 Nc6 10. h5 h6 11. Ne2 Bd7 12. Nf4 O-O-O 13. g3 Nge7 14. Bh3 Kb8 15. O-O Nc8 16. Qb2 Nb6 17. Rfb1 Rhe8 18. Ng2 Ka8 19. Ne3 Re7 20. f4 f6 21. Kg2 Be8 22. Bg4 fxe5 23.
fxe5 Qa5 24. Qc1 Na4 25. Bf3 Rf7 26. Qe1 Rf8 27. Qe2 Bf7 28.
Rf1 Bg8 29. Kh2 Rfe8 30. Bg4 Nb6 31. Bf3 Qa4 32. Bg2 Re7 33.
Be1 Nd7 34. g4 Rf8 35. Bh4 Ree8 36. Rxf8 Nxf8 37. Qf1 Qa5 38. Qe1 Nh7 39. a4 Rc8 40. Nd1 Rf8 41. Nf2 Bf7 42. Qe3 Qb6 43. Qc1 Qc7 44. Nh3 Bg8 45. Qa3 Rf7 46. Qc5 Qb8 47. Kh1 Qe8 48. a5 a6 49. Kg1 Nf8 50.
Bg3 Qd7 51. Kh2 1-0

[Event "44th Chess Olympiad Open 2022"]
[Site "Chennai"]
[Date "2022.08.07"]
[Round "9.35"]
[White "Tin, Jingyao"]
[Black "Lee, Jun Hyeok"]
[Result "0-1"]
[WhiteElo "2552"]
[BlackElo "2390"]
[Annotator "TA"]
[PlyCount "106"]
[EventDate "2022.??.??"]
[TimeControl "60"]

1. d4 Nf6 2. c4 e6 3. Nf3 d5 4. Nc3 c5 5. cxd5 Nxd5 6. e4 Nxc3 7. bxc3 cxd4 8.
cxd4 Bb4+ 9. Bd2 Bxd2+ 10. Qxd2 O-O 11. Bc4 Nd7 12. O-O b6 13. Rad1 Bb7 14.
Rfe1 Rc8 {[%emt 0:00:06] D41: Queen's Gambit Declined:
Semi-Tarrasch with 5 cxd5.} 15. Bb3 Re8 16.
Re3 Nf6 {[%emt 0:04:18] The position is equal.} 17. d5 exd5 18. e5 Ne4 19. Qe1 {[%emt 0:00:16] Rxe4 is the strong threat.} Qc7 20. Nd4 Qc5 (20... Qxe5 21. f3 $14) 21. h4 {
[%emt 0:03:46] [#]} b5 $146 (21... Rxe5 22. f3 $16) ({
Predecessor:} 21... h6 22. Kh2 Nc3 23. Rd2 Ne4 24. Rd1 Nc3 25. Rd2 Ne4 {
½-½ (25) Lazavik,D (2439)-Tsaruk,M (2301) Minsk 2021}) 22. a3 Qb6 (22... Rxe5 23. f3 $16) 23. f3 Nc5 24. Kh1 g6 {[%emt 0:06:41] Against Nf5} 25. h5 Ne6 26. Qh4 Nxd4 27. Rxd4 Rc1+ ({Black should play} 
27... Re6 $15) 28. Kh2 $11 a5 29. Qf4 Qc5 30. Red3 Re1 $36 {
[%emt 0:02:56] Black is pushing.} 31. hxg6 hxg6 32. Qh6 (32. Qf6 $15 Re6 33. Qd8+ Qf8 34. Qxf8+ Kxf8 35.
f4) 32... Qf8 $1 $17 {[%emt 0:03:08] Really sharp!} (32... R8xe5 $6 33. Rh4 Rh5
34. Rxh5 gxh5 35. Bxd5 $1 Bxd5 36. Qg5+ Kf8 37. Rxd5 Qc7+ 38. f4 $11) 33. Qxf8+ Kxf8 34. f4 Re4 $1 35. Rxe4 (35. Bxd5 $2 Rxd4 36. Rxd4 Rd8 $19) 35...
dxe4 $19 {[%emt 0:00:03] Endgame KRB-KRB} 36. Rd6 {[%emt 0:00:05] [#]} e3 (36... Rc8 $1 $19 {has better winning chances. Strongly
threatening ...e3.} 37. Rb6 (37. Rd7 $2 e3 $19) 37... Rc3 38. Rxb5 {[#]} e3 $1)
37. Rd3 $2 {[%emt 0:02:56] This costs White the game.} (37. Kg3 $17) 37... e2 38. Re3 a4 39. Bc2 Rc8 ({Inferior is} 39... g5 40. f5 $17) 40. Rxe2 Rc3 {[%emt 0:00:29] Inhibits Bd3.} 41. Rd2 Rxa3 {[%emt 0:02:28] White must now prevent ... Ra2.} 42. Rd7 (42. Bb1 $142) 42... Bc6 43. Rc7 Bd5 {
[%emt 0:06:15] aiming for ...b4.} 44. g4 Ra2 45. Kg3 {[%emt 0:01:53] [#]} Rxc2 $1 46. Rxc2 {[%emt 0:00:07]
KR-KB} (46. Ra7 Rc3+) 46... a3 47. Rc8+ Kg7 {[%emt 0:00:00] ( -> ...a2)} 48. Rc7 a2 {
[%emt 0:01:49] Black mates.} 49. Ra7 b4 50. f5 gxf5 51. gxf5 b3 52. e6 b2 53. Rxf7+ Kg8 {[%emt 0:00:40] Weighted Error Value: White=0.
74/Black=0.08 (flawless)} 0-1

[Event "44th Chess Olympiad Open 2022"]
[Site "Chennai"]
[Date "2022.08.07"]
[Round "9.35"]
[White "Gong, Qianyun"]
[Black "Ahn, Hongjin"]
[Result "1-0"]
[WhiteElo "2275"]
[BlackElo "2303"]
[Annotator "RC"]
[PlyCount "67"]
[EventDate "2022.??.??"]
[TimeControl "60"]

1. e4 c5 2. Nf3 Nf6 3. e5 Nd5 4. Nc3 Nxc3 5. dxc3 Nc6 6. Bf4 Qb6 7. Rb1 Qc7 8. Bc4 e6 9. O-O h6 10. Re1 b6 11. Nd2 d5 12. exd6 Bxd6 13.
Bxd6 Qxd6 14. Qe2 Bb7 15. Ne4 Qc7 16. Rbd1 O-O 17. Qg4 Rad8 18. Nf6+ Kh8 19. Nh5 g6 20. Nf4 Ne5 21. Qg3 Rxd1 22. Rxd1 Qb8 23. Bf1 Kh7 24. Re1 Rg8 25. Nxe6 f6 26. f4 Nf7 27. Qh4 g5 28. Qh5 Qe8 29. fxg5 fxg5 30. Bd3+ Kh8 31. Bg6 Rg7 32. Bxf7 Rxf7 33. Qxh6+ Rh7 34. Qxh7+ 1-0

[Event "44th Chess Olympiad Open 2022"]
[Site "Chennai"]
[Date "2022.08.07"]
[Round "9.35"]
[White "Kwon, Sehyun"]
[Black "Siddharth, Jagadeesh"]
[Result "1/2-1/2"]
[WhiteElo "2225"]
[BlackElo "2426"]
[Annotator "TA"]
[PlyCount "97"]
[EventDate "2022.??.??"]
[TimeControl "60"]

1. e4 c6 2. d4 d5 3. e5 c5 4. Nf3 cxd4 5. Nxd4 Nc6 6. Nxc6 {
[%emt 0:00:08] B12: Caro-Kann: Advance Variation.} bxc6 7. Bd3 e6 8. Be3 Ba6 9. O-O Bxd3 10. cxd3 Ne7 {[%emt 0:05:53] [#]} 11. Qc2 $146 ({Predecessor:} 11. Qa4
Qd7 12. Rc1 Ng6 13. f4 c5 14. Qxd7+ Kxd7 15. g3 a5 16. Nd2 a4 17. Bxc5 Bxc5+
18. Rxc5 {1-0 (38) Martinez Alcantara,J (2615)-Grandelius,N (2672) Chess.com
INT 2022}) 11... d4 12. Bf4 Qd5 13. Nd2 Ng6 14. Bg3 Be7 15. Rac1 h5 {[%emt 0:12:51] [#] aiming for ..
.h4.} 16. h3 ({Weaker is} 16. Qxc6+ Qxc6 17. Rxc6 h4 $17)
16... h4 17. Bh2 Rb8 18. Nc4 O-O 19. f4 Rb5 20. Qe2 f5 21. Rc2 c5 22. Rfc1 Rfb8 23. b3 Nh8 24.
Kf1 g6 25. Nb2 Nf7 26. Na4 Nd8 27. Bg1 Nc6 28. Bf2 Nb4 29. Rb2 Qb7 30. Be1 Nd5 31. Bd2 Qc8 32.
Rbc2 Qf8 33. Kg1 a5 34. Kh2 Kf7 35. Nb2 Nb4 36. Bxb4 axb4 37. Nc4 Qd8 38.
Rg1 Qd5 39. Nd2 Rg8 40. Re1 Ke8 (40... g5 $15)
41. Nf3 {[%emt 0:07:19] The position is equal.} Kd7 42. Qf2 Rh8 43. Rc4 {[%emt 0:00:31][%cal Rf3d4] [#]
Nxd4! is the strong threat.} Ke8 44. Rg1 Ra5 45. Rc2 Kd7 46. Rc4 Ke8 47. Rc2 Kd7 48. Rgc1 Ke8 49. Rg1 {[%emt 0:03:44]
Weighted Error Value: White=0.05 (flawless) /Black=0.06 (flawless)} 1/2-1/2

[Event "44th Chess Olympiad Open 2022"]
[Site "Chennai"]
[Date "2022.08.07"]
[Round "9.35"]
[White "Kim, Changhoon"]
[Black "Wong, Zhenyong Jayden"]
[Result "0-1"]
[WhiteElo "1827"]
[BlackElo "2163"]
[Annotator "RC"]
[PlyCount "78"]
[EventDate "2022.??.??"]
[TimeControl "60"]

1. d4 Nf6 2. c4 e6 3. g3 c5 4. d5 exd5 5. cxd5 d6 6. Nc3 g6 7. Bg2 Bg7 8. Nf3 O-O 9. O-O Re8 10. Nd2 a6 11. a4 Nbd7 12. h3 Rb8 13. Nc4 Ne5 14. Na3 Nh5 15.
e4 Bd7 16. a5 Qxa5 17. g4 Nf6 18. f4 Nexg4 19. hxg4 Nxg4 20. Bf3 h5 21. Kg2 b5 22. Nc2 Qd8 23. Ne3 b4 24. Na4 Qh4 25. Bxg4 hxg4 26. Rh1 Qf6 27. Nxg4 Bxg4 28. Qxg4 Rxe4 29. Bd2 Rbe8 30. Rhe1 Qd4 31. Rad1 Qxd5 32. Kf2 Bd4+ 33. Kg3 Qb3+ 34. Qf3 Qxa4 35. Rxe4 Rxe4 36. b3 Qe8 37. Rh1 Be3 38. Rh4 Bxd2 39. Qh1 Be1+ 0-1

[Event "44th Chess Olympiad Open 2022"]
[Site "Chennai"]
[Date "2022.08.07"]
[Round "9.36"]
[White "Volodin, Aleksandr"]
[Black "Sharifov, Mekhriddin"]
[Result "1/2-1/2"]
[WhiteElo "2454"]
[BlackElo "2097"]
[Annotator "TA"]
[PlyCount "171"]
[EventDate "2022.??.??"]
[TimeControl "60"]

1. d4 Nf6 2. c4 e6 3. Nf3 b6 4. a3 Bb7 5. Nc3 d5 6. cxd5 Nxd5 7. Qc2 Nxc3 8. Qxc3 h6 9. g3 {[%emt 0:02:26] E12:
Queen's Indian: Unusual White 4th moves, 4 a3, 4 Nc3 Bb7 5 a3 and 4 Nc3 Bb7 .}
Nd7 10. Bg2 Be7 {[%emt 0:03:52] [#]} 11. Bf4
$146 {[%emt 0:08:55] The position is equal.} ({Predecessor:} 11. O-O O-O 12.
Rd1 Rc8 13. Bf4 a5 14. b4 axb4 15. axb4 g5 16. Be3 Nf6 17. Qb2 {½-½ (37)
Skwarczylo,M (2029)-Bartsch,R (2128) FICGS email 2018}) 11... Rc8 12. Rd1 Nf6 13. Qc2 O-O 14. O-O Qe8 15. b4 (15. Bxc7 $2 Bd6 16. Rc1 Bxc7 $19) 15... c5 16. bxc5 bxc5 17. dxc5 Rxc5 18. Qb2 Bd5 19. Ne5 Rb5 20. Qa1 Bxg2 21. Kxg2 Qa8+ 22. Kg1 Nd5 (22... Rc8
{feels hotter.} 23. Rc1 Nd5 24. Nd3 Rb3) 23. Bd2 Rb3 24. a4 Ra3 25. Qd4 Bf6 26. a5 Qb8 (26... Rc8 $1
$15) 27. Qc5 $11 {[%emt 0:00:15] Strongly threatening Nd7.} Be7 28. Qd4 Bf6 29. f4 (29.
Qc5 $11 Ra4 30. Qc2) 29... Rd8 $36 {[%emt 0:06:49][%cal Yd5e3] Threatens to
win with ...Ne3! Black has the initiative.} 30. Qc5 {[%emt 0:03:00] Inhibits
Ne3.} Be7 (30... Ra2 $1 $17 31. Qc4 Rb2) 31. Qf2 (31. Qc4 $11) 31... Qa8 (31... Ra2 $1 $17 {And now ...
Rc8 would win.} 32. Nc6 Qb5 33. Nxe7+ (33. Nxd8 $2 Bc5 $19) 33... Nxe7) 32. Qg2 (32. f5 $15) 32... Ra2 $17 (32... Ne3 $6 33.
Bxe3 Qxg2+ 34. Kxg2 $11) (32... Bc5+ 33. Kh1) 33. Qf3 Bc5+ 34. Kh1 Nf6 (
34... Rc8 $17 35. Nd3 Be3) 35. Qxa8 Rxa8 36.
Nd3 Be7 37. Nc1 Ra3 38. Kg2 Bd8 (38... Ne4 $17
39. Nd3 Nxd2 40. Rxd2 Rxa5) 39. Rf3 $11 Ra4 40. Nb3 Rb8 41. Rd3 Be7 42. Nd4 Bc5 43. Nc6 Rc8 44. Ne5 Bf8 45.
Kf3 a6 (45... h5 $11) 46. Be1 Ra3 (46... g5 $14) 47. Rxa3 $16 Bxa3 48. Rb1 Nd5 {[%emt 0:00:00] Inhibits Rb6.} 49.
e4 Nc7 50. Rb7 {[%emt 0:00:00] White is more
active.} f5 51. Nc4 $2 (51. Rb6 $1 $18 ) 51... Bc5 $2 (51... fxe4+ $1 $11 52. Kxe4 Ne8)
52. Nb6 $18 Bxb6 53. Rxb6 {[%emt 0:00:00]
Endgame KRB-KRN} (53. axb6 $18 Ne8 54. exf5 exf5 55. Rd7) 53... Nb5 (53... Kf7 $16 54. Bf2 Nb5) 54. Ke3 ({Don't do} 54.
Rxa6 $6 Nd4+ 55. Ke3 Nc2+ 56. Kd2 fxe4 57. Rxe6 e3+ 58. Kd1 Kf7 $18) 54... Na3 55. Kf3 $2 ({Better is} 55. Rxa6 $18 {
aiming for Kd3.} Nc2+ 56. Kf2) 55... Nc2 (55... Nb5 $1 $11)
56. Bd2 Rd8 57. Bc1 (57. Ke2
$5 ) 57... Rd3+ $1 58. Kf2 (58.
Ke2 {seems wilder.} fxe4 59. Bb2 Ne3 60. Rc6) 58... fxe4 59.
Rxe6 Rf3+ 60. Kg2 Ne1+ 61. Kg1 {[%emt 0:00:00] [#]} (61. Kh3 $1 $11 {remains equal.})
61... Rc3 $1 $17 62. Bb2 Nf3+ 63. Kf1 Rc2 64. Ba3 Nxh2+ 65. Ke1 Nf3+ 66. Kd1 $1 Rd2+ (66... Ra2 $1 $15 67. Bc1 Rxa5 68. Rxe4
Rd5+ 69. Ke2 Nd4+ 70. Kf2 h5) 67. Kc1 $11 Rd3 68. Bb4 Rd4 69. Bc3 Rd3 70. Kb2 Nd2 (70... Nd4 $11
71. Rxa6 e3) 71. Rxa6 $14 {[%emt 0:01:51] Black must now prevent Ra8+.} Nc4+ 72. Kb3 Nd6 $2 (72... Nxa5+
$1 $14 73. Rxa5 Rxg3) 73. Kc2 $2 (73. Rb6 $18 Kh7 74. a6)
73... Nb5 $11 74. Bb2 Rxg3 75. Rc6 Rg2+ 76. Kb3 {[%emt 0:00:15] Hoping
for Rc5.} e3 $1 77. a6 ({
Much weaker is} 77. Re6 e2 78. a6 Kf7 $17) ({White should try} 77. Rc1 $11)
77... e2 $15 78. Rc1 Rg6 79.
Kb4 Nc7 80. Be5 $2 {[%emt 0:00:29] [#]} (80.
a7 $15) 80... Rxa6 $1 81. Re1 ({Not} 81. Bxc7
$2 {[#]} Rc6 $3 82. Re1 Rxc7 83. Rxe2 Kf7 $19) 81... Nd5+ 82.
Kc5 Ra5+ 83. Kd4 Ne7 {
[%emt 0:00:29] ...Nc6+ is the strong threat.} 84. Rxe2 Nc6+ (84... Nf5+ $17 85. Kd3 Ra3+ 86. Bc3 Ra4) 85. Ke4 Kf7 86. Rb2 {[%emt 0:00:57] A wild game. Weighted Error
Value: White=0.25 (precise) /Black=0.31} 1/2-1/2

[Event "44th Chess Olympiad Open 2022"]
[Site "Chennai"]
[Date "2022.08.07"]
[Round "9.36"]
[White "Kiik, Kalle"]
[Black "Khusenkhojaev, Muhammad"]
[Result "1/2-1/2"]
[WhiteElo "2365"]
[BlackElo "2397"]
[Annotator "TA"]
[PlyCount "100"]
[EventDate "2022.??.??"]
[TimeControl "60"]

1. e4 e5 2. Bc4 Nf6 3. d4 exd4 4. Nf3 Nxe4 5. Qxd4 Nf6 6. Nc3 Nc6 7. Qh4 Be7 8.
Bg5 d6 {[%emt 0:02:07] C24: Bishop's Opening: 2...Nf6.} 9.
O-O-O Be6 10. Rhe1 Bxc4 (10... d5 $2 11. Nxd5 $1 Nxd5 12. Bxd5 Bxd5 13. Bxe7 Qxe7 14.
Rxd5 Qxe1+ 15. Nxe1 $18) 11. Qxc4 O-O {[%emt 0:00:00] [#]} 12.
Kb1 $146 ({Predecessor:} 12. h4 Re8 13. Bxf6 Bxf6 14. Rxe8+
Qxe8 15. Nd5 Qd8 16. Re1 a6 17. Qb3 Rb8 18. Nxf6+ gxf6 {½-½ (41) Hohlbein,M 
(2309)-Duchardt,A (2354) ICCF email 2019}) 12... Qd7 13. Bxf6 Bxf6 14. Nd5 Bd8 15. Re3 a5 16. a3 Rb8 17. Qf4 Ne7 18. h4 Nxd5 19. Rxd5 b5 20. g4 b4 21. g5 bxa3 22. Rxa3 Qh3 23. Rd1 {
[%emt 0:09:15] Inhibits Qf1.} Rb4 24. Qe3 a4 25. Rd4 Rxd4 26. Qxd4 Qf1+ 27. Ka2 Qe2 28. Qxa4 Qxf2 29. Qc6 g6 30. c3 Qe3 31. Nd4 h6 32. gxh6 Qxh6 33. Ra4 ({White should try} 33. Nb5) 33... Qh5 $17 ({Don't play} 33... Qxh4 34. Ne6 $1 Qxa4+ 35. Qxa4 fxe6 36. Qd7
$14) 34. Nb5 Bxh4 ({Stronger than} 34... Qd1
35. Rd4 (35. Ra8 Bxh4 36. Rxf8+ Kxf8 $17) 35... Qc2 36. Rf4 $17) (34... Qc5 $19
35. Qxc5 dxc5) 35. Nxc7 {[%emt 0:00:18] [#]} Bg3 $1 36. Nd5 (36. Nb5 $17) 36... Be5 $19 37. Ra8 {[%emt 0:
01:11] [#]} (37. Nb6 $17 {is a better defense.}) 37... Qg4 $2 (37... Rxa8+ $1 $19 38. Qxa8+ Kg7) 38. Rxf8+ $1 $11 Kxf8 {
[%emt 0:00:01] Endgame KQB-KQN} 39. b4 Kg7 {[%emt 0:00:29] And now ...g5 would win.} (39... g5 {is more complex.} 40.
Ka3 Qg1 41. Qc8+ Kg7) 40. Ka3 {[%emt 0:00:00] The position is equal.} Qe2 41. b5 g5 $1 42. b6 Qa6+ 43. Kb3 {[%emt 0:00:09] Black should prevent c4.}
g4 $1 $132 {[%emt 0:00:10] Black puts up resistance} 44. Qc4 Qxc4+ 45. Kxc4 {[%emt 0:00:09] KB-KN} g3 46.
Ne3 d5+ $1 47. Kxd5 f6 48. Ke6 {[%emt 0:05:53] Hoping for c4.} Kf8 $1 49. c4 {[%emt 0:02:17] Threatens to win with c5.} Ke8 $1 50.
c5 {[%emt 0:03:53] aiming for c6.} Bd4 {[%emt 0:05:53][%csl Yc5,Ye3] Weighted
Error Value: White=0.12 (very precise) /Black=0.13 (very precise)} 1/2-1/2

[Event "44th Chess Olympiad Open 2022"]
[Site "Chennai"]
[Date "2022.08.07"]
[Round "9.36"]
[White "Karimov, Alisher"]
[Black "Chukavin, Kirill"]
[Result "1/2-1/2"]
[WhiteElo "2234"]
[BlackElo "2418"]
[Annotator "TA"]
[PlyCount "117"]
[EventDate "2022.??.??"]
[TimeControl "60"]

1. d4 Nf6 2. c4 e6 3. Nf3 d5 4. Nc3 c5 5. cxd5 cxd4 6. Nxd4 Nxd5 7. Nxd5 {
[%emt 0:02:12] A32: Symmetrical English: 2 Nf3 Nf6 3 d4 cxd4 4 Nxd4 e6.} Qxd5 8. e3 a6 9. Qb3 Qxb3 {[%emt 0:02:19] [#]} 10. axb3 $146 ({Predecessor:} 
10. Nxb3 Nc6 11. Be2 e5 12. e4 Be6 13. O-O Nb4 14. Rd1 Nxa2 15. Na5 b5 16. Be3
{0-1 (47) Peglau,M (1851)-Burian,S (2073) Wroclaw 2020}) 10... Bc5 11. Nc2 e5 12. b4 Bd6 13. Bd3 {[%emt 0:11:43] Against Bf5} Be6 14.
Bd2 Nd7 15. Na3 Nb6 16. Ke2 Ke7 17. b5 a5 (17... Na4 $5 18. Nc4 e4 19.
Rxa4 exd3+ 20. Kf3 axb5 21. Rxa8 Rxa8 22. Nxd6 Kxd6 $11) 18. Rhc1 {[%emt 0:00:
00] The position is equal.} Rhc8 19. Rxc8 ({
But not} 19. Bxh7 $2 g6 20. e4 (20. Rxc8 $2 Rxc8 21. Bxa5 Nd7 $19) 20... Rxc1
21. Rxc1 Rh8 22. Bxa5 Nd7 23. Bxg6 fxg6 $19) 19... Bxc8 20.
Nc4 (20. Bxh7 g6 21. h4 Kf6 $19) 20... Nxc4 21. Bxc4 b6 22. b4 a4 23. e4 Be6 24.
Bxe6 Kxe6 $11 {[%emt 0:00:19] Endgame KRB-KRB} 25. Kd3 g6 26. Kc4 Rc8+ 27. Kd3 Ra8 28. Kc4 f5 29. f3 Rc8+ 30. Kd3 Ra8 31. Kc4 Be7 32. Be3 Rc8+ 33. Kd3 Bxb4 34. Rxa4 Rc3+ 35. Ke2 Bc5 36. exf5+ gxf5 37. Bxc5 Rxc5 {[%emt 0:00:11] KR-KR} 38. Rh4 Rxb5 39. g4 Rb2+ 40.
Kf1 f4 41. Rxh7 b5 42. h4 e4 43. fxe4 {[%emt 0:00:00] 
[#] Strongly threatening g5.} Ke5 44. Rf7 Kxe4 45. g5 Kf3 46. Ke1 Rh2 {[%emt 0:03:58] [#] Threatens to win with ...Rh1+.
} 47. Rb7 Rxh4 (47... Ke3 $5 48. Re7+ Kf3 $11
) 48. Rxb5 Rh1+ 49. Kd2 Kf2 50. g6 Rg1 51. Rb6 f3 {[%emt 0:00:23] aiming for ...Rg5.} 52. Kd3 Rg4 53. Rf6 Kg2 {[%emt 0:00:00] ...f2 is the
strong threat.} 54. Ke3 {[%emt 0:02:14] Against f2} Rg3 55.
Ke4 f2 56. Rxf2+ $1 Kxf2 57. Kf5 Kf3 58. Kf6 Rxg6+ 59. Kxg6 {[%emt 0:00:14] An even fight not
without its subleties. Weighted Error Value: White=0.03 (flawless) /Black=0.02
(flawless)} 1/2-1/2

[Event "44th Chess Olympiad Open 2022"]
[Site "Chennai"]
[Date "2022.08.07"]
[Round "9.36"]
[White "Ilkhomi, Jaloliddin"]
[Black "Shishkov, Andrei"]
[Result "1-0"]
[WhiteElo "2076"]
[BlackElo "2366"]
[Annotator "RC"]
[PlyCount "123"]
[EventDate "2022.??.??"]
[TimeControl "60"]

1. d4 d5 2. Bf4 c5 3. e3 Nc6 4. Nf3 Nf6 5. Nbd2 Nh5 6. Be5 f6 7. Bg3 cxd4 8.
exd4 g6 9. c3 Be6 10. Qb3 Qd7 11. c4 Bh6 12. Rd1 Bxd2+ 13. Nxd2 Nxd4 14. Qc3 Nf5 15. Ne4 Rc8 16. Qb4 d4 17. Be2 Qc6 18. O-O O-O 19. Rfe1 b6 20. Bxh5 gxh5 21. Nd6 Nxd6 22. Bxd6 Qxc4 23. Qxc4 Bxc4 24. Bxe7 Rfe8 25. Rxd4 Bxa2 26. Rdd1 Kf7 27. Bb4 Rxe1+ 28.
Rxe1 a5 29. Bc3 a4 30. Re3 Bd5 31. f3 b5 32. Rd3 Ke6 33. Re3+ Kf5 34. Rd3 Ke6 35. Re3+ Kf5 36. Rd3 Rc5 37. Kf2 Be6 38. Ke3 h4 39. Rd4 Re5+ 40. Kf2 Rc5 41. Rxh4 Kg6 42. Re4 Bf5 43. Re3 Rc4 44. g4 Bc8 45. Re4 Rc6 46. Rb4 a3 47. Rxb5 a2 48. Ra5 Be6 49. h4 Bb3 50. f4 Rc4 51. Ra7 Rxf4+ 52. Kg3 a1=Q 53. Rxa1 Re4 54. Ra7 h5 55. gxh5+ Kxh5 56. Bxf6 Re3+ 57. Kf4 Re2 58. Ra3 Bd5 59. Ra5 Rf2+ 60. Ke3 Rxf6 61. Rxd5+ Kxh4 62. b4 1-0